 Dungeon Crawl Stone Soup version 0.29.1 (webtiles) character file.

Game seed: 2602162942939634933

417 groovy9 the Skirmisher (level 6, -9/35 HPs)
             Began as a Gargoyle Hunter on Sept 14, 2022.
             Was an Initiate of Hepliaklqana.
             Blown up by Ijyb (20 damage)
             ... with a mindburst bolt
             ... on level 5 of the Dungeon.
             The game lasted 00:08:55 (2923 turns).

groovy9 the Skirmisher (Gargoyle Hunter)            Turns: 2923, Time: 00:08:55

Health: -9/35      AC:  9    Str: 14    XL:     6   Next: 93%
Magic:  6/6        EV: 11    Int: 10    God:    Hepliaklqana [......]
Gold:   293        SH:  0    Dex: 15    Spells: 5/5 levels left

rFire   . . .      SeeInvis .   a - +1 shortbow
rCold   . . .      Faith    .   (shield currently unavailable)
rNeg    + . .      Spirit   .   c - +0 leather armour
rPois   ∞          Reflect  .   (no helmet)
rElec   +          Harm     .   q - +0 cloak
rCorr   .          Rampage  .   k - +0 pair of gloves
Will    .....                   (no boots)
Stlth   ++........              (no amulet)
HPRegen 0.11/turn               (no ring)
MPRegen 0.10/turn               (no ring)

@: no status effects
A: sickness immunity, AC +4, negative energy resistance 1, electricity
resistance, torment resistance 1, petrification resistance
a: Renounce Religion


You were on level 5 of the Dungeon.
You worshipped Hepliaklqana.
Hepliaklqana was noncommittal.
You visited 2 branches of the dungeon, and saw 6 of its levels.

You collected 293 gold pieces.

Inventory:

Hand Weapons
 a - a +1 shortbow (weapon)
Missiles
 i - 11 poisoned darts
Armour
 c - a +0 leather armour (worn)
 k - a +0 pair of gloves (worn)
 q - a +0 cloak (worn)
Wands
 t - a wand of quicksilver (5)
Scrolls
 b - 2 scrolls of immolation
 f - a scroll of blinking {unknown}
 g - 2 scrolls of magic mapping
 s - a scroll of brand weapon {unknown}
Potions
 d - 2 potions of curing {unknown}
 e - 2 potions of brilliance {unknown}
 h - a potion of berserk rage {unknown}
 j - 3 potions of flight
 l - a potion of attraction {unknown}
 m - 2 potions of might {unknown}
 n - 2 potions of degeneration {unknown}
 o - a potion of mutation {unknown}
 p - a potion of heal wounds {unknown}
 r - a potion of lignification {unknown}


   Skills:
 - Level 2.1 Fighting
 + Level 8.0 Ranged Weapons
 - Level 1.5 Dodging
 - Level 1.1 Stealth


You had 5 spell levels left.
You didn't know any spells.
Your spell library contained the following spells:

 Spells                   Type           Power      Damage    Failure   Level
 Blink                    Tloc           0%         N/A       58%         2
 Gell's Gravitas          Tloc           0%         N/A       82%         3
 Lesser Beckoning         Tloc           0%         N/A       82%         3
 Portal Projectile        Hex/Tloc       0%         N/A       82%         3
 Teleport Other           Tloc           0%         N/A       82%         3
 Tukima's Dance           Hex            0%         N/A       82%         3
 Passage of Golubria      Tloc           0%         N/A       99%         4
 Blade Hands              Tmut           0%         N/A       100%        5
 Manifold Assault         Tloc           0%         N/A       100%        5
 Yara's Violent Unravell  Hex/Tmut       0%         3d3       100%        5
 Dispersal                Tloc           0%         N/A       100%        6


Dungeon Overview and Level Annotations

Branches:
Dungeon (5/15)             Temple (1/1) D:4

Altars:
Ashenzari
Dithmenos
Gozag
Hepliaklqana
Kikubaaqudgha
Makhleb
Nemelex Xobeh
Qazlal
Trog
Vehumet
Wu Jian

Annotations:
D:5 Ijyb


Innate Abilities, Weirdness & Mutations

You are immune to sickness and miasma.
Your stone body is resilient. (AC +4)
You are immune to poison.
You resist negative energy. (rN+)
You are resistant to electric shocks. (rElec)
You are resistant to unholy torment.
You are immune to petrification.


Message History

HP restored.
You see here a jackal corpse.
You see here a jackal corpse.
You see here a jackal corpse.
Done exploring.
Done exploring.
Search for what [Enter for "."]? .
Done exploring.
You see here a jackal corpse.
There is a stone staircase leading down here.
You climb downwards.
There is a stone staircase leading up here.
Okay, then.
Okay, then.
You shoot an arrow. The arrow misses Ijyb.
You shoot an arrow. The arrow closely misses Ijyb.
Ijyb zaps a wand.
You barely resist. You shoot an arrow. The arrow completely misses Ijyb.
You shoot an arrow. The arrow barely misses Ijyb.
Ijyb zaps a wand.
Your mind is blasted!
You are too injured to fight recklessly!
You are too injured to fight recklessly!
You are too injured to fight recklessly!
You are too injured to fight recklessly!
You are too injured to fight recklessly!
You are too injured to fight recklessly!
You are too injured to fight recklessly!
You are too injured to fight recklessly!
You are too injured to fight recklessly!
You are too injured to fight recklessly!
You are too injured to fight recklessly!
You are too injured to fight recklessly!
Fire: a) +1 shortbow
Press: ? - help, Q - select action, (/) - cycle Shift-Dir - straight line, f/p - Ijyb
Aim: Ijyb, wielding a +0 dagger, wearing a +0 leather armour and carrying a wand of mindburst (12) (59% to hit)
You shoot an arrow. The arrow completely misses Ijyb.
Ijyb zaps a wand.
Your mind is blasted!
Ijyb zaps a wand.
Your mind is blasted!
Ouch! That really hurt!
You die...

..... #...
##... #
#...# ...
##...#
....#....
.......g#
#......@#
...........#
.#.......###
#.......#
#.###...# #
##..# ##..
#.


You could see Ijyb.

Vanquished Creatures
  2 scorpions (D:4)
  2 vampire bats (D:3)
  A crimson imp (D:4)
  A hound (D:4)
  A gnoll (D:1)
  2 adders (D:3)
  A white imp (D:4)
  2 ufetubi (D:4)
  2 worms
  6 dart slugs
  6 ball pythons
  6 endoplasms
  8 giant cockroaches
  6 goblins
  6 hobgoblins
  16 jackals
  3 quokkas
  13 bats
  3 frilled lizards
  6 kobolds
  10 rats
103 creatures vanquished.

Notes
Turn   | Place    | Note
-------+----------+-------------------------------------------
     0 | D:1      | groovy9 the Gargoyle Hunter began the quest for the Orb.
     0 | D:1      | Reached XP level 1. HP: 12/12 MP: 1/1
    51 | D:1      | Reached XP level 2. HP: 17/17 MP: 2/2
   213 | D:1      | Reached skill level 5 in Ranged Weapons
   213 | D:1      | Reached XP level 3. HP: 21/21 MP: 3/3
   732 | D:2      | Found a faded altar of an unknown god.
   807 | D:2      | Reached XP level 4. HP: 26/26 MP: 4/4
  1553 | D:3      | Reached skill level 6 in Ranged Weapons
  1713 | D:3      | Reached XP level 5. HP: 30/30 MP: 5/5
  2059 | D:4      | Reached skill level 7 in Ranged Weapons
  2059 | D:4      | Reached XP level 6. HP: 29/35 MP: 6/6
  2508 | D:4      | Found a staircase to the Ecumenical Temple.
  2517 | Temple   | Entered the Ecumenical Temple
  2525 | Temple   | Became a worshipper of Hepliaklqana the Forgotten
  2590 | D:4      | Reached skill level 8 in Ranged Weapons
  2917 | D:5      | Entered Level 5 of the Dungeon
  2917 | D:5      | Noticed Ijyb
  2923 | D:5      | Blown up by Ijyb

Illustrated notes

Levels and vault maps discovered:
D:1:      wander_arrival_estate, layout_basic
D:2:      layout_basic, serial_glass, glass_columns_b, glass_columns_a,
          minmay_strange_pillars, due_unseen_surprise,
          shapermc_ecumenical_altar_mp_highgroup
D:3:      layout_rooms, serial_glass, glass_columns_a, glass_columns_c,
          roderic_batcave
D:4:      layout_basic, temple_hall, minmay_fire_ice_demons
D:5:      layout_layer_cave, minmay_ogre_servants, uniq_ijyb, uniq_menkaure
Temple:   nicolae_temple_two_arcs

Skill      XL: |  1  2  3  4  5  6 |
---------------+-------------------+-----
Ranged Weapons | 5 6 7 8 |  8.0
Fighting       | |  2.1
Dodging        | |  1.5
Stealth        | |  1.1

Action                   |  1- 3 |  4- 6 || total
-------------------------+-------+-------++-------
 Fire: Shortbow          |    79 |   214 ||   293
  Use: Scroll            |       |     9 ||     9
Armor: Leather armour    |    11 |   104 ||   115
Dodge: Dodged            |     7 |   126 ||   133
